Map: Thunderbird LE

Players

PRIMUS - Winner!

  • Race: Protoss Protoss
  • League: Platinum
  • Spawn Location: 5:00

Smeeeger

  • Race: Zerg Zerg
  • League: Platinum
  • Spawn Location: 11:00

VOD

Have the link to the VOD?

Description

Time

  • Played on: July 21, 2019, 9:45 a.m.
  • Length: 18:09
Show
View Real Time Build Order
Export as new Build Order

PRIMUS Protoss - Winner!

Build Orders: 1 Gate Expand 

Get SALT Encoding   

  1  0:00  Probe  
  12  0:05  Probe  
  14  0:15  Probe  
  15  0:26  Pylon  
  15  0:35  Pylon  
  15  0:44  Probe  
  15  0:46  Gateway  
  16  0:57  Probe  
  17  1:06  Forge  
  17  1:31  Nexus  
  17  1:39  Photon Cannon  
  17  1:47  Probe, Assimilator  
  17  1:51  Assimilator  
  18  1:55  Probe  
  19  2:05  Probe  
  20  2:14  Probe  
  20  2:18  Cybernetics Core  
  20  2:22  Probe  
  22  2:42  Pylon  
  22  2:49  Probe  
  22  2:51  Photon Cannon  
  22  2:53  Gateway, Probe  
  22  2:57  Probe  
  24  3:05  Probe  
  26  3:06  Probe  
  27  3:14  Probe  
  27  3:17  Stargate, Probe  
  29  3:23  Probe  
  30  3:29  Probe  
  30  3:33  Probe  
  31  3:38  Assimilator  
  31  3:40  Assimilator  
  33  3:41  Probe  
  33  3:45  Probe  
  34  3:52  Gateway  
  34  3:53  Probe  
  35  3:57  Probe  
  35  4:01  Probe  
  36  4:07  Phoenix  
  36  4:09  Probe x2  
  40  4:15  Stargate  
  40  4:16  Stargate  
  41  4:20  Warp Gate  
  41  4:21  Probe  
  42  4:27  Pylon, Twilight Council  
  42  4:44  Oracle  
  45  5:02  Oracle, Pylon  
  48  5:07  Pylon  
  48  5:09  Dark Shrine  
  48  5:22  Pylon  
  48  5:31  Oracle  
  48  5:33  Oracle  
  54  5:43  Nexus  
  54  5:51  Pylon  
  54  5:52  Probe x2  
  54  5:54  Assimilator  
  56  6:00  Probe x2, Assimilator  
  57  6:05  Oracle  
  57  6:08  Probe x2, Oracle  
  66  6:18  Probe  
  66  6:19  Probe  
  68  6:26  Probe  
  68  6:27  Probe  
  70  6:34  Probe  
  70  6:35  Probe  
  70  6:36  Dark Templar x3  
  78  6:46  Probe x2  
  79  6:52  Gateway  
  80  6:54  Pylon  
  80  6:58  Probe x2  
  80  7:00  Pylon  
  82  7:02  Pylon  
  82  7:05  Shield Battery  
  82  7:08  Shield Battery  
  82  7:10  Shield Battery, Probe x2  
  82  7:13  Shield Battery  
  82  7:15  Photon Cannon  
  84  7:17  Photon Cannon  
  84  7:19  Photon Cannon  
  84  7:22  Photon Cannon  
  84  7:28  Pylon  
  84  7:32  Pylon  
  78  7:54  Dark Templar x4  
  85  8:20  Robotics Facility  
  85  8:21  Oracle x3, Robotics Facility  
  94  8:30  Fleet Beacon  
  94  8:32  Pylon  
  94  8:35  Pylon  
  94  8:37  Forge  
  94  8:39  Forge  
  94  8:46  Cybernetics Core  
  94  8:47  Dark Templar x3  
  100  8:49  Zealot  
  102  8:57  Protoss Air Weapons Level 1  
  102  8:59  Protoss Shields Level 1  
  94  9:20  Robotics Bay  
  94  9:28  Observer x2  
  96  9:32  Charge  
  96  9:35  Zealot x2  
  96  9:36  Zealot x2  
  96  9:37  Protoss Air Armor Level 1  
  96  9:38  Protoss Ground Armor Level 1, Protoss Ground Weapons Level 1  
  104  10:03  Probe x3  
  107  10:13  Nexus  
  107  10:15  Probe x2, Pylon  
  107  10:16  Probe  
  107  10:17  Pylon  
  107  10:20  Assimilator  
  108  10:24  Assimilator  
  108  10:26  Pylon  
  108  10:27  Probe  
  108  10:28  Probe x2, Colossus  
  90  10:29  Colossus  
  90  10:30  Pylon  
  96  10:39  Probe  
  96  10:40  Probe x2  
  99  10:51  Shield Battery  
  99  10:57  Shield Battery  
  99  10:58  Shield Battery  
  99  11:00  Shield Battery  
  99  11:01  Shield Battery  
  99  11:02  Shield Battery  
  99  11:04  Shield Battery  
  99  11:08  Photon Cannon x2  
  99  11:10  Photon Cannon  
  99  11:12  Pylon  
  99  11:13  Photon Cannon  
  99  11:14  Photon Cannon, Extended Thermal Lance  
  99  11:18  Photon Cannon x2  
  99  11:36  Protoss Shields Level 2  
  96  11:42  Protoss Ground Weapons Level 2  
  96  11:46  Protoss Ground Armor Level 2  
  93  11:52  Dark Templar  
  93  11:53  Dark Templar x3  
  87  12:17  Void Ray x3  
  84  12:26  Zealot x2  
  84  12:27  Zealot  
  84  12:28  Zealot  
  88  12:36  Colossus x2  
  92  12:47  Probe x4  
  96  12:59  Probe x3  
  96  13:02  Sentry x4  
  107  13:13  Colossus  
  107  13:14  Colossus  
  107  13:18  Carrier  
  104  13:20  Carrier  
  128  13:35  Probe  
  128  13:36  Probe x2  
  128  13:37  Probe  
  132  13:42  Void Ray  
  132  13:43  Probe  
  137  13:51  Sentry x4  
  120  14:22  Void Ray  
  120  14:24  Void Ray  
  120  14:25  Void Ray  
  121  14:41  Probe x4  
  125  14:53  Probe x3  
  125  14:54  Probe  
  129  15:00  Pylon  
  129  15:02  Shield Battery  
  129  15:03  Photon Cannon  
  129  15:05  Probe, Photon Cannon, Carrier  
  136  15:07  Carrier, Photon Cannon  
  142  15:15  Void Ray  
  146  15:40  Shield Battery  
  146  15:45  Shield Battery  
  146  15:46  Shield Battery x2  
  146  15:47  Pylon  
  140  15:58  Void Ray  
  140  16:01  Sentry x2  
  140  16:02  Sentry x2  
  144  16:06  Observer x2  
  144  16:09  Void Ray  
  150  16:25  Nexus  
  150  16:28  Pylon  
  150  16:31  Assimilator  
  150  16:36  Assimilator  
  150  16:46  Probe x3  
  150  16:47  Probe  
  153  16:56  Dark Templar x2  
  153  16:58  Probe x3  
  153  16:59  Probe  
  153  17:01  Dark Templar  
  150  17:02  Dark Templar  
  150  17:10  Probe x2  
  151  17:18  Probe  
  152  17:23  Probe  
  152  17:26  Probe  
  153  17:31  Probe  
  153  17:34  Sentry x2  
  153  17:35  Sentry x2  
  163  17:37  Probe  
  163  17:41  Probe  
  163  17:44  Photon Cannon  
  165  17:45  Photon Cannon  
  165  17:46  Photon Cannon  
Show
View Real Time Build Order
Export as new Build Order

Smeeeger Zerg 

Build Orders: Hatch First, Roach Hydra 

Get SALT Encoding   

  12  0:01  Drone  
  13  0:15  Overlord  
  13  0:17  Drone  
  14  0:34  Drone x2  
  16  0:38  Drone  
  17  0:55  Drone  
  18  0:58  Hatchery  
  18  1:00  Drone  
  18  1:09  Extractor  
  17  1:16  Spawning Pool  
  17  1:18  Drone  
  17  1:22  Drone  
  18  1:31  Drone  
  19  1:45  Overlord  
  19  2:05  Queen  
  19  2:06  Zergling x2  
  19  2:07  Zergling x2  
  23  2:10  Queen  
  23  2:15  Metabolic Boost  
  25  2:17  Drone  
  25  2:18  Drone  
  27  2:37  Drone  
  27  2:38  Drone  
  27  2:39  Hatchery  
  28  2:46  Drone  
  28  2:47  Drone x2  
  31  3:00  Drone x3  
  34  3:11  Evolution Chamber  
  34  3:12  Drone x2  
  35  3:18  Roach Warren  
  34  3:22  Lair  
  34  3:23  Drone  
  34  3:26  Drone  
  36  3:29  Overlord  
  36  3:33  Overlord  
  36  3:37  Overlord  
  36  3:43  Extractor  
  36  3:44  Drone x2, Extractor  
  36  3:54  Queen  
  39  3:55  Drone x2  
  39  3:56  Drone  
  39  3:57  Drone  
  39  4:00  Drone  
  39  4:01  Drone  
  44  4:10  Queen  
  45  4:20  Roach x4  
  53  4:28  Roach  
  55  4:31  Drone x2  
  55  4:32  Drone  
  55  4:34  Spore Crawler x2  
  55  4:36  Extractor  
  55  4:37  Drone x2  
  57  4:41  Drone x2  
  57  4:43  Drone  
  60  4:49  Glial Reconstitution  
  60  4:54  Drone  
  61  5:08  Drone x3  
  61  5:13  Drone  
  65  5:14  Overlord x2  
  65  5:15  Overlord  
  65  5:17  Zerg Missile Weapons Level 1  
  65  5:24  Pneumatized Carapace  
  65  5:28  Spore Crawler  
  64  5:29  Drone, Overlord  
  64  5:30  Overlord x2  
  64  5:33  Drone x2  
  64  5:34  Drone  
  68  6:02  Drone x5  
  68  6:03  Drone, Evolution Chamber  
  73  6:18  Drone  
  73  6:19  Drone x2  
  73  6:20  Hatchery  
  73  6:21  Extractor  
  73  6:22  Extractor  
  73  6:26  Infestation Pit, Roach x3  
  73  6:27  Roach x6  
  73  6:28  Roach x2  
  73  6:31  Zerg Ground Armor Level 1  
  94  6:33  Overseer  
  94  6:37  Drone x2  
  94  6:38  Drone  
  97  6:40  Drone x2  
  97  6:41  Drone  
  100  7:01  Ravager x2  
  100  7:02  Ravager  
  100  7:04  Ravager x2, Overlord x5  
  105  7:17  Overlord x2  
  105  7:22  Overlord x3  
  105  7:23  Drone x2  
  105  7:24  Drone x5  
  105  7:25  Drone  
  113  7:32  Hatchery  
  112  7:38  Spore Crawler  
  112  7:39  Spore Crawler  
  112  7:41  Spore Crawler  
  112  7:43  Spore Crawler, Drone  
  108  7:44  Spore Crawler  
  108  7:45  Spore Crawler  
  108  7:50  Drone x3  
  101  7:52  Drone  
  90  8:05  Zerg Missile Weapons Level 2  
  80  8:06  Roach x7  
  80  8:12  Hydralisk Den  
  86  8:14  Drone  
  86  8:15  Drone x3  
  86  8:19  Spore Crawler x2  
  88  8:20  Queen  
  88  8:25  Roach  
  88  8:26  Roach x3  
  98  8:29  Overseer x2  
  98  8:30  Overseer  
  98  8:41  Hydralisk x5  
  98  8:46  Muscular Augments  
  98  8:48  Drone x2  
  109  8:50  Drone x2  
  112  9:01  Drone x3  
  112  9:02  Drone x2  
  115  9:12  Drone  
  115  9:13  Hydralisk x4, Drone x3  
  115  9:14  Hydralisk x2  
  131  9:19  Hive  
  131  9:22  Spire  
  130  9:25  Zerg Ground Armor Level 2  
  130  9:31  Extractor x2  
  130  9:36  Hydralisk  
  130  9:37  Hydralisk  
  132  9:48  Hatchery  
  131  9:58  Grooved Spines  
  131  10:05  Drone  
  131  10:06  Hydralisk x4, Drone x3  
  131  10:07  Hydralisk x10  
  121  10:40  Hydralisk  
  121  10:41  Hydralisk x17  
  155  10:45  Greater Spire  
  155  10:48  Overseer  
  155  11:00  Drone x3  
  155  11:03  Spine Crawler  
  155  11:04  Drone x4  
  159  11:06  Spine Crawler  
  159  11:07  Queen  
  159  11:08  Drone x4  
  159  11:10  Extractor  
  159  11:11  Drone x3, Extractor  
  168  11:13  Spore Crawler  
  168  11:14  Spore Crawler  
  165  11:22  Overlord x2  
  165  11:24  Drone x4  
  169  11:40  Drone x3  
  169  11:41  Drone x3  
  141  12:21  Hydralisk x21  
  141  12:22  Hydralisk x12  
  185  12:41  Hydralisk x5  
  187  12:44  Hydralisk x4  
  187  12:45  Hydralisk  
  187  12:50  Overseer x2  
  187  12:51  Overseer x2  
  193  12:52  Overlord x2  
  193  12:56  Zerg Missile Weapons Level 3  
  193  12:57  Zerg Ground Armor Level 3  
  193  13:19  Hatchery, Corruptor x4  
  200  13:26  Lurker Den  
  171  14:07  Corruptor x2  
  171  14:08  Corruptor x5  
  161  14:14  Corruptor x2  
  161  14:15  Corruptor x6  
  161  14:16  Corruptor x2  
  143  14:32  Hydralisk x8  
  143  14:35  Zergling x2  
  143  14:36  Zergling x32  
  172  14:39  Adrenal Glands  
  172  14:45  Overlord x4  
  172  14:46  Overlord  
  172  14:47  Overlord x4  
  172  15:04  Queen  
  172  15:05  Spore Crawler  
  172  15:06  Drone x3  
  176  15:08  Hydralisk  
  176  15:09  Hydralisk x3  
  176  15:10  Brood Lord x3  
  176  15:11  Brood Lord  
  192  15:21  Adaptive Talons  
  192  15:31  Brood Lord x2  
  192  15:32  Brood Lord  
  192  15:33  Drone  
  178  15:53  Corruptor  
  178  15:54  Corruptor x5  
  178  15:56  Corruptor  
  170  16:03  Corruptor  
  156  16:05  Zergling x2  
  156  16:06  Zergling x44  
  175  16:18  Hydralisk x7  
  177  16:34  Corruptor x5  
  177  16:35  Corruptor  
  185  16:56  Corruptor x3  
  188  17:07  Corruptor x2  
  188  17:08  Corruptor x3  
  188  17:21  Extractor  
  188  17:22  Extractor  
  184  17:23  Corruptor x3  
  184  17:24  Spine Crawler  
  184  17:25  Spine Crawler  
  188  17:32  Zergling x10  
  188  17:33  Zergling x12  
Tags
 
Add a new tag
Caveats
  • Supply blocks, unpowered buildings, or Contaminate may cause inaccurate times.
  • Supply counts are checked every 10 seconds.